Map: Cactus Valley LE (Void)

Players

IIIIIIIIIIII - Winner!

  • Race: Protoss Protoss
  • League: Diamond
  • Spawn Location: 1:00

Musumeci

  • Race: Zerg Zerg
  • League: Diamond
  • Spawn Location: 5:00

VOD

Have the link to the VOD?

Description

Time

  • Played on: April 3, 2017, 11:14 a.m.
  • Length: 10:09
Show
View Real Time Build Order
Export as new Build Order

IIIIIIIIIIII Protoss - Winner!

Build Orders: 1 Gate Expand 

Get SALT Encoding   

  12  0:01  Probe (Chrono Boost)  
  13  0:11  Probe (Chrono Boost)  
  14  0:20  Pylon  
  14  0:23  Probe (Chrono Boost)  
  15  0:38  Probe (Chrono Boost)  
  16  0:43  Gateway  
  16  0:49  Probe (Chrono Boost)  
  17  0:50  Assimilator  
  17  0:59  Probe (Chrono Boost)  
  18  1:10  Probe (Chrono Boost)  
  19  1:22  Nexus  
  19  1:33  Cybernetics Core  
  19  1:36  Probe (Chrono Boost)  
  20  1:42  Assimilator  
  20  1:46  Probe (Chrono Boost)  
  21  1:50  Pylon  
  21  1:58  Zealot  
  23  2:08  Probe (Chrono Boost)  
  24  2:10  Warp Gate  
  24  2:19  Probe (Chrono Boost)  
  25  2:25  Stalker  
  29  2:37  Probe (Chrono Boost)  
  29  2:40  Mothership Core (Chrono Boost)  
  30  2:48  Probe (Chrono Boost)  
  31  2:54  Robotics Facility  
  33  2:58  Probe (Chrono Boost)  
  33  3:00  Probe (Chrono Boost)  
  33  3:09  Probe (Chrono Boost)  
  33  3:10  Probe (Chrono Boost)  
  35  3:19  Probe (Chrono Boost)  
  35  3:21  Probe (Chrono Boost)  
  35  3:24  Gateway  
  35  3:25  Gateway  
  36  3:30  Probe (Chrono Boost)  
  36  3:31  Probe (Chrono Boost)  
  38  3:39  Immortal  
  38  3:40  Probe (Chrono Boost)  
  39  3:43  Probe (Chrono Boost)  
  44  3:51  Probe (Chrono Boost)  
  44  3:52  Pylon  
  44  3:53  Pylon  
  44  3:55  Probe (Chrono Boost)  
  46  4:10  Probe (Chrono Boost)  
  46  4:12  Probe (Chrono Boost)  
  46  4:13  Warp Prism  
  48  4:17  Stalker  
  48  4:18  Stalker  
  48  4:20  Stalker, Probe (Chrono Boost)  
  48  4:24  Probe (Chrono Boost)  
  58  4:32  Pylon  
  58  4:40  Nexus  
  60  4:45  Probe (Chrono Boost)  
  60  4:47  Probe (Chrono Boost)  
  60  4:52  Immortal  
  60  4:56  Probe (Chrono Boost)  
  60  4:59  Probe (Chrono Boost)  
  66  5:06  Probe (Chrono Boost)  
  67  5:11  Probe (Chrono Boost)  
  68  5:17  Probe (Chrono Boost)  
  69  5:21  Assimilator  
  69  5:22  Assimilator  
  69  5:23  Probe (Chrono Boost)  
  69  5:27  Pylon  
  70  5:28  Pylon  
  70  5:30  Pylon  
  70  5:32  Robotics Facility  
  70  5:40  Immortal  
  70  5:43  Pylon  
  70  5:45  Pylon, Probe (Chrono Boost)  
  70  5:46  Probe (Chrono Boost)  
  70  5:47  Pylon  
  76  5:59  Probe (Chrono Boost)  
  78  6:04  Probe (Chrono Boost)  
  78  6:05  Probe (Chrono Boost)  
  78  6:11  Probe (Chrono Boost)  
  80  6:13  Forge  
  80  6:14  Twilight Council  
  80  6:15  Probe (Chrono Boost)  
  80  6:17  Stalker  
  80  6:18  Gateway  
  83  6:20  Gateway, Probe (Chrono Boost)  
  83  6:22  Gateway  
  84  6:36  Probe (Chrono Boost)  
  84  6:37  Adept x2  
  89  6:41  Immortal x2  
  89  6:44  Probe (Chrono Boost)  
  89  6:45  Probe (Chrono Boost)  
  99  6:53  Probe (Chrono Boost)  
  100  6:54  Probe (Chrono Boost)  
  100  6:55  Protoss Ground Weapons Level 1, Templar Archives, Blink  
  100  6:58  Probe (Chrono Boost)  
  102  7:06  Probe (Chrono Boost)  
  103  7:12  Probe (Chrono Boost)  
  103  7:13  Probe (Chrono Boost)  
  105  7:16  Assimilator  
  105  7:17  Assimilator  
  105  7:27  Pylon  
  105  7:28  Immortal x2  
  105  7:29  Pylon, Probe x2 (Chrono Boost)  
  107  7:30  Pylon  
  107  7:32  Pylon  
  107  7:36  Photon Cannon  
  115  7:39  Adept x3  
  115  7:40  Photon Cannon  
  121  7:45  Adept x3  
  121  8:09  High Templar x5  
  121  8:11  High Templar  
  129  8:24  Archon  
  129  8:25  Archon x2  
  121  8:39  Gateway  
  121  8:40  Gateway  
  121  8:41  Stalker x5  
  125  8:42  Gateway x2  
  122  9:10  Stalker x5  
  122  9:11  Stalker  
  113  9:36  Stalker x6  
  117  10:03  Stalker x9  
Show
View Real Time Build Order
Export as new Build Order

Musumeci Zerg 

Build Orders: Hatch First 

Get SALT Encoding   

  12  0:07  Drone  
  12  0:13  Overlord  
  13  0:18  Drone  
  14  0:32  Drone x2  
  16  0:40  Drone  
  17  0:59  Hatchery  
  17  1:01  Drone  
  17  1:02  Drone  
  18  1:05  Extractor  
  17  1:19  Spawning Pool  
  17  1:22  Drone  
  17  1:27  Drone  
  18  1:33  Drone  
  19  1:46  Overlord  
  19  1:55  Drone  
  20  2:06  Queen  
  20  2:07  Metabolic Boost  
  22  2:10  Zergling x2  
  22  2:15  Queen  
  25  2:16  Drone  
  25  2:19  Drone  
  27  2:23  Drone  
  27  2:27  Drone  
  29  2:37  Drone  
  29  2:39  Drone  
  29  2:43  Drone  
  32  2:55  Overlord  
  32  2:56  Hatchery  
  31  3:08  Drone  
  31  3:09  Drone x2  
  31  3:10  Overlord  
  34  3:24  Drone  
  34  3:25  Drone  
  34  3:26  Overlord  
  36  3:39  Overlord x2  
  36  3:45  Roach Warren  
  36  3:46  Extractor  
  34  3:51  Drone x8  
  34  3:52  Pneumatized Carapace  
  42  4:11  Overlord x3  
  42  4:23  Zergling x2  
  42  4:24  Zergling x16  
  51  4:28  Extractor  
  50  4:31  Drone  
  50  4:32  Drone  
  50  4:37  Roach  
  54  4:42  Roach x2, Evolution Chamber  
  57  4:49  Roach  
  57  4:51  Queen  
  61  4:54  Roach x2  
  61  4:58  Lair  
  65  5:07  Overlord x2  
  65  5:08  Overlord  
  65  5:11  Roach  
  67  5:14  Drone  
  67  5:15  Drone  
  69  5:32  Zerg Missile Weapons Level 1  
  69  5:34  Roach  
  69  5:35  Roach x4  
  79  5:36  Overlord  
  75  6:05  Queen  
  77  6:22  Spore Crawler  
  76  6:27  Zergling x28  
  89  7:01  Drone  
  89  7:02  Drone x9, Spire  
  98  7:13  Drone x3  
  101  7:22  Drone  
  102  7:25  Extractor  
  102  7:27  Extractor  
  100  7:31  Extractor  
  99  7:41  Drone  
  99  7:42  Drone x3  
  99  7:43  Drone x3  
  106  7:46  Overlord x4  
  106  7:47  Overlord  
  95  8:14  Mutalisk  
  95  8:15  Mutalisk x10  
  102  8:44  Mutalisk x3  
  102  8:45  Mutalisk  
  109  8:53  Drone x6  
  115  9:02  Ravager x3  
  119  9:03  Zergling x10, Ravager  
  119  9:08  Hatchery, Extractor  
  121  9:12  Extractor  
  118  9:29  Zergling x2  
  118  9:30  Zergling x12  
  110  9:36  Zergling x2  
  110  9:37  Zergling x8  
Tags
 
Add a new tag
Caveats
  • Supply blocks, unpowered buildings, or Contaminate may cause inaccurate times.
  • Supply counts are checked every 10 seconds.